 Dungeon Crawl Stone Soup version 0.27-a0-1308-gc08437e49b (webtiles) character file.

Game seed: 6539472986963568972

0 funkygono the Stinger (level 1, -1/13 HPs)
             Began as a Formicid Venom Mage on June 18, 2021.
             Slain by an adder zombie (2 damage)
             ... on level 1 of the Dungeon.
             The game lasted 00:00:19 (320 turns).

funkygono the Stinger (Formicid Venom Mage)          Turns: 320, Time: 00:00:19

Health: -1/13      AC:  2    Str: 12    XL:     1   Next: 11%
Magic:  1/3        EV: 12    Int: 14    God:
Gold:   0          SH:  0    Dex: 11    Spells: 3/4 levels left

rFire    . . .     SeeInvis +   (no weapon)
rCold    . . .     Faith    .   (no shield)
rNeg     . . .     Spirit   .   a - +0 robe
rPois    .         Reflect  .   (helmet unavailable)
rElec    .         Harm     .   (no cloak)
rCorr    .         Rampage  .   (no gloves)
Will     .....                  (no boots)
Stlth    ++........             (no amulet)
HPRegen  0.04/turn              (no ring)
MPRegen  0.08/turn              (no ring)

@: no status effects
A: permanent stasis, dig shafts and tunnels, antennae 3, four strong arms
a: Dig, Shaft Self


You were on level 1 of the Dungeon.
You visited 1 branch of the dungeon, and saw 1 of its levels.

Inventory:

Armour
 a - a +0 robe (worn)


   Skills:
 + Level 1.8 Dodging
 - Level 2.4 Stealth
 + Level 2.1 Spellcasting
 + Level 1.1 Transmutations
 + Level 4.0 Poison Magic


You had 3 spell levels left.
You knew the following spells:

 Your Spells              Type           Power      Damage    Failure   Level
a - Sting                 Tmut/Pois      32%        1d4       9%          1

Your spell library contained the following spells:

 Spells                   Type           Power      Damage    Failure   Level
 Poisonous Vapours        Pois/Air       14%        N/A       16%         2
 Ignite Poison            Fire/Tmut/Pois 6%         N/A       34%         3
 Mephitic Cloud           Conj/Pois/Air  5%         N/A       38%         3
 Olgreb's Toxic Radiance  Pois           12%        N/A       41%         4


Dungeon Overview and Level Annotations

Branches:
Dungeon (1/15)

Altars:


Innate Abilities, Weirdness & Mutations

You cannot be hasted, slowed, berserked, paralysed or teleported.
You can dig through walls and to a lower floor.
You have a pair of large antennae on your head. (SInv)
Your four strong arms can wield two-handed weapons with a shield.


Message History

Press: ? - help, Shift-Dir - straight line, f/p - adder zombie
Aim: an adder zombie (lightly damaged, 68% to hit)
The sting hits the adder zombie.
The adder zombie partially resists.
The adder zombie is moderately damaged.
The adder zombie closely misses you.
Casting: Sting (safe; 9% risk of failure)
Confirm with . or Enter, or press ? or * to list all spells.
You don't have enough magic to cast this spell.
Unknown command.
You hit the adder zombie.
The adder zombie is heavily damaged.
The adder zombie bites you.
You closely miss the adder zombie.
The adder zombie is heavily damaged.
The adder zombie bites you but does no damage.
You hit the adder zombie but do no damage.
The adder zombie is heavily damaged.
The adder zombie bites you.
You hit the adder zombie but do no damage.
The adder zombie is heavily damaged.
The adder zombie closely misses you.
You hit the adder zombie.
The adder zombie is heavily damaged.
The adder zombie bites you.
You hit the adder zombie.
The adder zombie is heavily damaged.
The adder zombie bites you.
* * * LOW HITPOINT WARNING * * *
You barely miss the adder zombie.
The adder zombie is heavily damaged.
The adder zombie bites you.
* * * LOW HITPOINT WARNING * * *
You closely miss the adder zombie.
The adder zombie is heavily damaged.
The adder zombie bites you.
* * * LOW HITPOINT WARNING * * *
You barely miss the adder zombie.
The adder zombie is heavily damaged.
The adder zombie bites you.
You die...

#♣##+##♣# #+#
♣≈.....≈♣
#.##♣.......♣#
###.8#.....@...#
#≈#.##...≈♣≈Z..#
♣8.''...♣8♣.!.+
#≈#.##...≈♣≈...#
#.8#.........#
#.##♣.......♣#
##'##♣≈.....≈♣
#8.8##♣##+##♣#
#...###8#+#8


You could see an adder zombie.

Vanquished Creatures
  A ball python zombie (D:1)
1 creature vanquished.

Notes
Turn   | Place    | Note
-------+----------+-------------------------------------------
     0 | D:1      | funkygono the Formicid Venom Mage began the quest for the
                  | Orb.
     0 | D:1      | Reached XP level 1. HP: 13/13 MP: 3/3
   320 | D:1      | Slain by an adder zombie

Illustrated notes

Levels and vault maps discovered:
D:1:      saegor_arrival_fortress, layout_basic

Action                   || total
-------------------------++-------
Melee: Unarmed           ||    21
 Cast: Sting             ||     6
Armor: Robe              ||     2
Dodge: Dodged            ||     8

Table legend: (Time is in decaauts)
 A = Elapsed time spent in this place.
 B = Non-inter-level travel time spent in this place.
 C = Inter-level travel time spent in this place.
 D = Time resting spent in this place.
 E = Time spent auto-exploring this place.
 F = Levels seen in this place.
 G = Mean time per level.
                   A        B        C        D        E       F      G
               +--------+--------+--------+--------+--------+-----+--------+
         Total |    320 |    320 |      0 |      0 |    285 |   1 |  320.0 |
       Dungeon |    320 |    320 |      0 |      0 |    285 |   1 |  320.0 |
               +--------+--------+--------+--------+--------+-----+--------+

Top non-repeatable levels by time:
     D:1: 320 daAuts
